 Dungeon Crawl Stone Soup version 0.29-a0-477-g62b78b4225 (webtiles) character file.

Game seed: 5152908043138644072

13491 loir the Fighter (level 12, -1/94 HPs)
             Began as a Djinni Fire Elementalist on May 23, 2022.
             Was a Priest of Makhleb.
             Slain by a two-headed ogre
             ... wielding a +0 giant club
              (8 damage)
             ... on level 11 of the Dungeon on May 24, 2022.
             The game lasted 01:31:54 (13994 turns).

loir the Fighter (Djinni Fire Elementalist)        Turns: 13994, Time: 01:31:54

Health: -1/94      AC:  8    Str:  7    XL:     12   Next: 33%
Gold:   666        EV: 11    Int: 20    God:    Makhleb [***...] SH:  4 Dex: 16

rFire   + + .      SeeInvis .   h - +4 falchion (protect)
rCold   . . .      Faith    .   l - +1 buckler {rF+}
rNeg    . . .      Spirit   .   V - +0 troll leather armour
rPois   ∞          Reflect  .   m - +1 helmet
rElec   .          Harm     .   f - scarf {repulsion}
rCorr   .          Rampage  .   s - +0 pair of gloves
Will    +....                   (boots unavailable)
Stlth   ++........              (no amulet)
HPRegen 1.05/turn               O - ring of ice
MPRegen 0.00/turn               G - ring of wizardry

@: about to teleport, flying, studying Staves, repel missiles
A: sickness immunity, fire resistance 2, cold vulnerability 1, float, innate
caster, HP casting, extra vitality 1
a: Renounce Religion, Minor Destruction, Lesser Servant of Makhleb


You were on level 11 of the Dungeon.
You worshipped Makhleb.
Makhleb was most pleased with you.
You visited 2 branches of the dungeon, and saw 12 of its levels.

You collected 666 gold pieces.

Inventory:

Hand Weapons
 d - a +1 flail of holy wrath
 h - a +4 falchion of protection (weapon)
 n - a +1 dagger of venom
 z - a +4 dire flail
 J - a +2 antimagic flail
 K - a +1 broad axe of draining
 Y - a +2 vorpal flail
Missiles
 e - 336 stones
 k - 37 poisoned darts
 T - 3 curare-tipped darts
Armour
 a - the +0 robe of the Buccaneer {+Inv Str+3}
   (You found it on level 11 of the Dungeon)

   Str:       It affects your strength (+3).
   +Inv:      It lets you turn invisible.
 f - a scarf of repulsion (worn)
 l - a +1 buckler of fire resistance (worn)
 m - a +1 helmet (worn)
 s - a +0 pair of gloves (worn)
 w - a +1 leather armour of fire resistance
 B - a +0 chain mail of cold resistance
 E - +0 steam dragon scales
 F - the +0 plate armour of Ghostly Freedom {Contam rN+++ Will+}
   (You found it on level 7 of the Dungeon)

   rN:        It renders you almost immune to negative energy.
   Contam:    It causes magical contamination when unequipped.
   Will:      It increases your willpower.
 L - +0 swamp dragon scales
 U - the +4 chain mail of Starshine {Harm rC+ Stlth-}
   (You found it on level 10 of the Dungeon)

   rC:        It protects you from cold.
   Harm:      It increases damage dealt and taken.
   Stlth:     It makes you less stealthy.
 V - a +0 troll leather armour (worn)
 X - +0 acid dragon scales
Magical Staves
 b - a staff of cold
Jewellery
 x - a ring of see invisible
 G - a ring of wizardry (right hand)
 O - a ring of ice (left hand)
 Z - an amulet of the acrobat
Wands
 i - a wand of mindburst (16)
 r - a wand of polymorph (16)
 C - a wand of flame (17)
 Q - a wand of iceblast (8)
Scrolls
 c - a scroll of enchant weapon
 p - 2 scrolls of teleportation
 I - a scroll of fear
 P - 3 scrolls of identify
 W - a scroll of blinking
Potions
 j - 2 potions of curing
 o - 2 potions of haste
 q - 3 potions of heal wounds
 t - 2 potions of resistance
 u - a potion of ambrosia
 D - 5 potions of cancellation
 H - a potion of invisibility
 M - a potion of brilliance
 N - a potion of mutation
 S - a potion of berserk rage


   Skills:
 + Level 11.6 Fighting
 + Level 6.4 Armour
 - Level 2.1 Dodging
 - Level 1.5 Stealth
 * Level 10.9 Spellcasting


You had 5 spell levels left.
You knew the following spells:

 Your Spells              Type           Power      Damage    Failure   Level
a - Foxfire               Conj/Fire      100%       2x1d9     1%          1
b - Scorch                Fire           100%       2d10      1%          2
c - Conjure Flame         Conj/Fire      53%        6-21      1%          3
d - Inner Flame           Hex/Fire       53%        N/A       1%          3
e - Flame Wave            Conj/Fire      53%        2d11      1%          4
f - Sting                 Tmut/Pois      100%       1d8       1%          1
g - Poisonous Vapours     Pois/Air       100%       N/A       1%          2
h - Tukima's Dance        Hex            53%        N/A       1%          3
i - Petrify               Tmut/Erth      53%        N/A       1%          4
j - Animate Dead          Necr           53%        N/A       1%          4
Your spell library was empty.

Dungeon Overview and Level Annotations

Branches:
Dungeon (11/15)            Temple (1/1) D:5             Orc (0/2) D:10
   Lair: D:8-11

Altars:
Ashenzari
Cheibriados
Fedhas
Gozag
Makhleb
Vehumet
Wu Jian
Zin


Innate Abilities, Weirdness & Mutations

You are immune to sickness and miasma.
You are immune to poison.
Your flesh is very heat resistant. (rF++)
You are vulnerable to cold. (rC-)
You float through the air rather than walking.
You learn spells naturally, not from books.
Your magical power is your life essence.
You have superior vitality. (+4 MHP)


Message History

Confirm with . or Enter, or press ? or * to list all spells.
Casting: Flame Wave (mildly dangerous; 1% risk of failure)
Press: ? - help, Dir - look around, f - activate A wave of flame ripples out!
The flame wave engulfs the death yak!
The death yak is moderately wounded. (Press . to intensify the flame waves.)
A wave of flame ripples out!
The flame wave engulfs the death yak!
The death yak is heavily wounded.
The flame wave engulfs the death yak!
The death yak is lightly wounded.
The flame wave engulfs the two-headed ogre!
The two-headed ogre is lightly wounded.
The death yak snorts and paws the ground.
The death yak closely misses you.
A wave of flame ripples out!
The flame wave engulfs the death yak but does no damage.
The death yak is heavily wounded.
The flame wave engulfs the two-headed ogre!
The two-headed ogre is heavily wounded.
The flame wave engulfs the death yak!
The death yak is moderately wounded.
You finish channelling waves of flame.
The two-headed ogre hits you with a +0 giant club!!
The two-headed ogre hits you but does no damage.
The death yak gores you!
Casting: Flame Wave (mildly dangerous; 1% risk of failure)
Confirm with . or Enter, or press ? or * to list all spells.
Flames lash the death yak but do no damage.
A seven-headed hydra comes into view.
You block the death yak's attack.
As you read the scroll of teleportation, it crumbles to dust.
You feel strangely unstable. The two-headed ogre closely misses you.
The two-headed ogre hits you with a +0 giant spiked club!!
* * * LOW HITPOINT WARNING * * *
The death yak gores you!!
* * * LOW HITPOINT WARNING * * *
The two-headed ogre attacks as you move away!
You block the two-headed ogre's attack.
The two-headed ogre hits you with a +0 giant spiked club!
You die...

#####............#...............
#.##'###....##........####'##
#.#....#.)..#.........#......
#.#....#....###.......#......
#.#....#......#.......'......
#.#....#......'.......#......
..###'##......#†......#######
..............#.............
......D...Y@.#Y.....#####+#
..[.......O..#......#
.#.....Y....#......#
#..........#......#
#.....######......+
#####.#>....?.....#
#.'...........# #.#####.>.......
#.. #.........


You could see 2 death yaks, a seven-headed hydra and a two-headed ogre.

Vanquished Creatures
  A two-headed ogre (D:10)
  A death yak (D:11)
  Nergalle (D:10)
  Sonja (D:10)
  Pikel (D:9)
  A dancing weapon (D:10)
  Joseph (D:10)
  An unseen horror (D:10)
  Maggie (D:8)
  A kobold demonologist (D:9)
  A troll (D:10)
  A vampire (D:9)
  22 yaks
  A steam dragon (D:9)
  2 wargs (D:10)
  3 water moccasins
  An acid dragon (D:10)
  8 orc warriors
  8 ice beasts
  2 sky beasts
  A black bear (D:7)
  2 ogres
  7 centaurs
  A phantom (D:6)
  2 kobold brigands
  Blork the orc (D:5)
  4 bullfrogs
  A gnoll sergeant (D:6)
  5 wights
  13 killer bees
  10 howler monkeys
  5 jellies
  5 orc priests
  3 hounds
  3 gnoll shamans
  4 orc wizards
  2 iguanas
  18 gnolls
  3 adders
  A shadow imp (D:7)
  A white imp (D:7)
  An ufetubus (D:6)
  A worm (D:3)
  3 dart slugs
  26 orcs
  8 bats
  6 endoplasms
  4 giant cockroaches
  20 goblins
  12 hobgoblins
  4 jackals (D:1)
  17 kobolds
  7 quokkas
  8 ball pythons
  3 frilled lizards
  13 rats
284 creatures vanquished.

Vanquished Creatures (collateral kills)
  An orc wizard (D:8)
1 creature vanquished.

Vanquished Creatures (others)
  793 foxfires
  8 plants
801 creatures vanquished.

Grand Total: 1086 creatures vanquished

Notes
Turn   | Place    | Note
-------+----------+-------------------------------------------
     0 | D:1      | loir the Djinni Fire Elementalist began the quest for the
                  | Orb.
     0 | D:1      | Reached XP level 1. HP: 15/15 MP: 0/0
   112 | D:1      | Reached XP level 2. HP: 14/22 MP: 0/0
   120 | D:1      | Reached skill level 1 in Fighting
   447 | D:1      | Found a faded altar of an unknown god.
   509 | D:1      | Reached XP level 3. HP: 24/27 MP: 0/0
   509 | D:1      | Learned a level 1 spell: Sting
   539 | D:1      | You are sucked into a shaft and drop 1 floor!
  1532 | D:2      | Reached XP level 4. HP: 26/32 MP: 0/0
  2413 | D:3      | Found an opulent altar of Gozag.
  2639 | D:3      | Noticed a sky beast
  2645 | D:3      | Killed a sky beast
  2646 | D:3      | Reached skill level 2 in Fighting
  2646 | D:3      | Reached XP level 5. HP: 34/39 MP: 0/0
  2646 | D:3      | Learned a level 2 spell: Poisonous Vapours
  3287 | D:4      | Noticed an ogre
  3299 | D:4      | Killed an ogre
  3300 | D:4      | Reached skill level 3 in Fighting
  3300 | D:4      | Reached XP level 6. HP: 32/46 MP: 0/0
  4373 | D:4      | Upgraded the game from 0.29-a0-472-ge5599a681e to
                  | 0.29-a0-474-gdfe5cd140f
  4421 | D:5      | Entered Level 5 of the Dungeon
  4563 | D:5      | Found a staircase to the Ecumenical Temple.
  4580 | D:5      | Reached XP level 7. HP: 29/50 MP: 0/0
  4580 | D:5      | Learned a level 3 spell: Tukima's Dance
  4757 | Temple   | Entered the Ecumenical Temple
  4802 | Temple   | Became a worshipper of Makhleb the Destroyer
  4870 | D:5      | Reached skill level 5 in Spellcasting
  4896 | D:5      | Reached skill level 4 in Fighting
  5291 | D:5      | Noticed a water moccasin
  5294 | D:5      | Killed a water moccasin
  5392 | D:5      | Reached XP level 8. HP: 32/58 MP: 0/0
  5534 | D:5      | Noticed Blork the orc
  5543 | D:5      | Killed Blork the orc
  6047 | D:6      | Reached * piety under Makhleb
  6048 | D:6      | Reached skill level 5 in Fighting
  6362 | D:6      | Reached XP level 9. HP: 55/66 MP: 0/0
  6362 | D:6      | Learned a level 4 spell: Petrify
  6616 | D:6      | Reached skill level 6 in Fighting
  7518 | D:7      | Reached skill level 7 in Fighting
  7575 | D:7      | Identified the +0 plate armour of Ghostly Freedom {Contam
                  | rN+++ Will+}
  7787 | D:7      | Reached skill level 1 in Armour
  7875 | D:7      | Reached XP level 10. HP: 75/75 MP: 0/0
  7883 | D:7      | Reached ** piety under Makhleb
  8002 | D:7      | Reached skill level 8 in Fighting
  9024 | D:8      | HP: 3/77 [yak (13)]
  9358 | D:8      | Reached skill level 9 in Fighting
  9378 | D:8      | Reached XP level 11. HP: 60/84 MP: 0/0
  9378 | D:8      | Learned a level 4 spell: Animate Dead
  9610 | D:8      | Reached *** piety under Makhleb
 10096 | D:8      | Noticed Maggie
 10106 | D:8      | Killed Maggie
 10389 | D:9      | Noticed Pikel
 10399 | D:9      | Killed Pikel
 10400 | D:9      | Reached skill level 10 in Fighting
 10562 | D:9      | Reached skill level 10 in Spellcasting
 11352 | D:9      | Reached skill level 5 in Armour
 11781 | D:10     | Entered Level 10 of the Dungeon
 11794 | D:10     | Noticed a two-headed ogre
 11804 | D:10     | Killed a two-headed ogre
 12201 | D:10     | Noticed Sonja
 12222 | D:10     | Killed Sonja
 12278 | D:10     | Identified the +4 chain mail of Starshine {Harm rC+ Stlth-}
 12284 | D:10     | Found a staircase to the Orcish Mines.
 12587 | D:10     | Noticed Nergalle
 12599 | D:10     | Killed Nergalle
 12600 | D:10     | Reached skill level 11 in Fighting
 12600 | D:10     | Reached XP level 12. HP: 74/94 MP: 0/0
 12729 | D:10     | Noticed Joseph
 12742 | D:10     | Killed Joseph
 13033 | D:10     | Found a broken altar of Ashenzari.
 13365 | D:10     | Found a snail-covered altar of Cheibriados.
 13367 | D:10     | Found a blossoming altar of Fedhas.
 13921 | D:11     | Identified the +0 robe of the Buccaneer {+Inv Str+3}
 13942 | D:11     | Upgraded the game from 0.29-a0-474-gdfe5cd140f to
                  | 0.29-a0-477-g62b78b4225
 13950 | D:11     | Noticed a death yak
 13958 | D:11     | Noticed a death yak
 13962 | D:11     | Killed a death yak
 13974 | D:11     | Noticed a death yak
 13980 | D:11     | Noticed a two-headed ogre
 13989 | D:11     | Noticed a seven-headed hydra
 13990 | D:11     | HP: 4/94 [death yak (20)]
 13994 | D:11     | Slain by a two-headed ogre

Illustrated notes

Levels and vault maps discovered:
D:1:      wander_arrival_chamber, layout_rooms,
          ebering_ecumenical_altar_abandoned, minmay_rat_gold_closets
D:2:      layout_basic, minmay_misc_feat_pillars
D:3:      layout_basic, nicolae_gozag_seed_capital
D:4:      layout_gridville, minmay_goblin_outpost
D:5:      corexii_shantytown, layout_loops_ring, minmay_temple_entry_ruins,
          uniq_blork_the_orc
D:6:      minmay_bubble_buster, layout_basic, minmay_manual_mares
D:7:      minmay_recursive_quarters, layout_basic, nicolae_grassy_gnolls
D:8:      layout_cave_pods, serial_glass, glass_columns_b, glass_columns_b,
          uniq_maggie
D:9:      layout_irregular_city, serial_glass, glass_columns_b, glass_columns_a,
          chequers_serial_rivers_large_a, uniq_pikel
D:10:     layout_irregular_city, grunt_temple_overflow_open, david_orc_1_choice,
          uniq_joseph, uniq_nergalle, uniq_sonja
D:11:     layout_irregular_city, dpeg_lair_monsters, columned_hall_lemuel,
          nicolae_elevator_lobby_asterisk
Temple:   dpeg_five_rooms_temple

Skill      XL: |  1  2  3  4  5  6  7  8  9 10 11 12 |
---------------+-------------------------------------+-----
Fighting       | 1 2 3 4 5 7 9 11 | 11.6
Spellcasting   | 3 4 5 7 8 9 10 | 10.9
Armour         | 1 3 5 6 |  6.4
Dodging        | |  2.1
Stealth        | |  1.5

Action                   |  1- 3 |  4- 6 |  7- 9 | 10-12 || total
-------------------------+-------+-------+-------+-------++-------
Melee: Falchion          |       |    16 |       |    19 ||    35
 Cast: Foxfire           |    69 |    74 |   138 |   184 ||   465
       Scorch            |     8 |    17 |    74 |   149 ||   248
       Conjure Flame     |       |     1 |     3 |    14 ||    18
       Inner Flame       |       |       |       |    18 ||    18
       Animate Dead      |       |       |       |    14 ||    14
       Poisonous Vapours |       |       |       |    12 ||    12
       Tukima's Dance    |       |       |       |     6 ||     6
       Petrify           |       |       |       |     4 ||     4
       Flame Wave        |       |       |       |     1 ||     1
  Use: Scroll            |     3 |     2 |    11 |     8 ||    24
       Potion            |       |     5 |       |     1 ||     6
 Stab: Sleeping          |       |     1 |       |       ||     1
Armor: Robe              |     1 |     5 |     6 |       ||    12
       Leather armour    |       |       |     1 |    25 ||    26
       Troll leather arm |       |       |       |     1 ||     1
Dodge: Dodged            |     1 |    15 |    16 |    56 ||    88
       Repelled          |       |       |       |     3 ||     3
Block: Buckler           |       |       |     2 |    20 ||    22

Table legend: (Time is in decaauts)
 A = Elapsed time spent in this place.
 B = Non-inter-level travel time spent in this place.
 C = Inter-level travel time spent in this place.
 D = Time resting spent in this place.
 E = Time spent auto-exploring this place.
 F = Levels seen in this place.
 G = Mean time per level.
                   A        B        C        D        E       F      G
               +--------+--------+--------+--------+--------+-----+--------+
         Total |  13994 |  13550 |    444 |   3313 |   8276 |  12 | 1166.2 |
       Dungeon |  13917 |  13507 |    410 |   3313 |   8238 |  11 | 1265.2 |
        Temple |     76 |     42 |     34 |      0 |     38 |   1 |   76.0 |
               +--------+--------+--------+--------+--------+-----+--------+

Top non-repeatable levels by time:
    D:10: 2029 daAuts
     D:8: 1530 daAuts
     D:5: 1499 daAuts
     D:6: 1489 daAuts
     D:9: 1422 daAuts
     D:7: 1344 daAuts
     D:1: 1247 daAuts
     D:4: 1189 daAuts
     D:2: 1107 daAuts
     D:3: 873 daAuts
    D:11: 183 daAuts
  Temple: 76 daAuts
